Description

Special Bio vs Snute at WCS Leipzig

Disclaimer: Mostly updated for own use, so will not be responsible for terrible results :)

Replay - Snute v SpeCial: Game 1 - Catalyst LE

Build Order

Get SALT Encoding   

  12  0:00  SCV  
  13  0:12  SCV  
  14  0:18  Supply Depot  
  14  0:24  SCV  
  15  0:39  SCV  
  15  0:41  Barracks  
  16  0:43  Refinery  
  16  0:51  SCV  
  17  1:04  SCV  
  18  1:16  SCV  
  19  1:28  Reaper  
  19  1:29  Orbital Command  
  20  1:39  Command Center  
  20  1:49  Supply Depot  
  20  1:55  SCV  
  20  2:00  Marine  
  22  2:05  Factory  
  22  2:08  SCV  
  23  2:15  Refinery  
  23  2:20  SCV  
  24  2:23  Barracks Reactor  
  25  2:58  Starport, Orbital Command  
  26  3:08  Hellion x2  
  26  3:12  Barracks Tech Lab  
  31  3:24  Liberator  
  33  3:29  Hellion x2  
  38  3:36  Supply Depot  
  43  3:50  Stimpack  
  44  3:57  Hellion x2  
  44  4:02  Supply Depot  
  50  4:12  Marine  
  54  4:24  Command Center  
  55  4:36  Marine, Supply Depot  
  57  4:45  Starport Reactor, Barracks  
  58  4:47  Factory Tech Lab  
  58  4:51  Barracks  
  60  4:54  Marine  
  61  5:00  Engineering Bay x2  
  61  5:06  Refinery x2  
  62  5:11  Marine  
  63  5:21  Siege Tank  
  65  5:30  Starport Reactor  
  63  5:36  Marine x3  
  63  5:43  Orbital Command  
  64  5:51  Marine x2  
  65  5:58  Siege Tank  
  71  6:08  Barracks x2  
  72  6:12  Medivac x2  
  72  6:15  Orbital Command  
  89  6:40  Siege Tank  
  103  6:54  Medivac  
  103  6:56  Barracks Reactor x2  
  108  7:04  Refinery x2  
Spawning Tool Build Advisor. Get it on Overwolf

Go to:

Details

  • Created by: Mithriel
  • Published on: Feb 06, 2018
  • Modified on: Feb 06, 2018
  • Patch: 4.0.0
Show
View Real Time Build Order
Export as new Build Order

Comments (0)

There are no comments. Be the first!

Create an account to comment!